 Dungeon Crawl Stone Soup version 0.30-a0-458-g86641cc369 (webtiles) character file.

Game seed: 2918498979230265383

1850 brightshaft the Basher (level 9, -4/54 HPs)
             Began as a Gargoyle Monk on Dec 14, 2022.
             Was an Initiate of Gozag.
             Splashed by a jelly's acid (7 damage)
             ... on level 6 of the Dungeon.
             The game lasted 00:10:57 (5217 turns).

brightshaft the Basher (Gargoyle Monk)              Turns: 5217, Time: 00:10:58

Health: -4/54      AC:  0    Str: 18    XL:     9   Next: 12%
Magic:  9/9        EV: 16    Int: 12    God:    Gozag
Gold:   467        SH:  0    Dex: 12    Spells: 8/8 levels left

rFire   . . .      SeeInvis .    w - +1 morningstar (protect)
rCold   . . .      Faith    .    (no shield)
rNeg    + . .      Spirit   .    B - +3 leather armour {rPois}
rPois   ∞          Reflect  .    h - +1 helmet
rElec   +          Harm     .    H - +2 cloak {Stlth+}
rCorr   .          Rampage  .    t - +0 pair of gloves
Will    .....                    (no boots)
Stlth   +++.......               (no amulet)
HPRegen 0.29/turn                k - +4 ring of evasion
MPRegen 0.11/turn                (no ring)

@: corroded
A: sickness immunity, AC +6, negative energy resistance 1, electricity
resistance, torment resistance 1, petrification resistance
a: Renounce Religion, Potion Petition, Call Merchant, Bribe Branch


You were on level 6 of the Dungeon.
You worshipped Gozag.
Gozag was aware of your devotion.
You visited 2 branches of the dungeon, and saw 7 of its levels.

You collected 654 gold pieces.
You spent 187 gold pieces at shops.

Inventory:

Hand Weapons
 w - a +1 morningstar of protection (weapon)
Missiles
 n - 8 poisoned darts
 u - 2 boomerangs
 E - 3 javelins (quivered)
Armour
 f - a +0 cloak
 h - a +1 helmet (worn)
 i - a +0 ring mail
 t - a +0 pair of gloves (worn)
 B - a +3 leather armour of poison resistance (worn)
 H - a +2 cloak of stealth (worn)
Jewellery
 c - a ring of wizardry
 d - a ring of magical power
 k - a +4 ring of evasion (left hand)
Wands
 A - a wand of polymorph (8)
Scrolls
 b - 2 scrolls of fog
 o - 3 scrolls of fear
 r - 4 scrolls of amnesia
 s - 2 scrolls of teleportation {@r4}
 x - a scroll of blinking {unknown}
 y - a scroll of butterflies {unknown}
 z - 3 scrolls of identify {@r1}
 F - a scroll of vulnerability {unknown}
 G - a scroll of enchant weapon
Potions
 a - a potion of mutation {unknown}
 e - 3 potions of lignification {unknown}
 g - 2 potions of flight
 j - a potion of brilliance {unknown}
 l - 3 potions of curing {unknown}
 m - a potion of might {unknown}
 p - 3 potions of heal wounds {@q2}
 q - a potion of degeneration {unknown}
 v - 6 potions of attraction {unknown}
 C - 2 potions of haste {unknown}
 D - a potion of magic {unknown}


   Skills:
 + Level 5.0 Fighting
 - Level 5.0(7.1) Axes
 * Level 8.6(9.4) Maces & Flails
 + Level 3.4 Armour
 + Level 3.7 Dodging
 - Level 2.1 Stealth


You had 8 spell levels left.
You didn't know any spells.
Your spell library contained the following spells:

 Spells                   Type           Power      Damage    Failure   Level
 Apportation              Tloc           0%         N/A       36%         1
 Magic Dart               Conj           0%         1d3       36%         1
 Necrotise                Necr           0%         1d4       36%         1
 Sandblast                Erth           0%         2d4       36%         1
 Summon Small Mammal      Summ           0%         N/A       36%         1
 Call Imp                 Summ           0%         N/A       52%         2
 Passwall                 Tmut/Erth      0%         N/A       52%         2
 Wereblood                Tmut           0%         N/A       52%         2
 Mephitic Cloud           Conj/Pois/Air  0%         N/A       75%         3
 Stone Arrow              Conj/Erth      0%         3d7       75%         3
 Summon Hydra             Summ           0%         N/A       100%        7
 Sublimation of Blood     Necr           Unusable   N/A       N/A         2

Dungeon Overview and Level Annotations

Branches:
Dungeon (6/15)             Temple (1/1) D:4

Altars:
Ashenzari
Cheibriados
Dithmenos
Fedhas
Gozag
Hepliaklqana
Kikubaaqudgha
Makhleb
Nemelex Xobeh
Okawaru
Qazlal
Ru
Sif Muna
Trog
Uskayaw
Vehumet
Wu Jian
Xom
Yredelemnul
Zin
The Shining One

Shops:
D:6 [


Innate Abilities, Weirdness & Mutations

You are immune to sickness and miasma.
Your stone body is resilient. (AC +6)
You are immune to poison.
You resist negative energy. (rN+)
You are resistant to electric shocks. (rElec)
You are resistant to unholy torment.
You are immune to petrification.


Message History

You hit the jelly.
Your hands burn!
The jelly is heavily wounded.
The jelly misses you.
You puncture the jelly! The acid corrodes you!
Your hands burn!
The jelly is almost dead.
The jelly barely misses you.
You barely miss the jelly.
The jelly is almost dead.
The jelly hits you. The acid corrodes you!
You are splashed with acid!
You hit the jelly but do no damage. The acid corrodes you!
Your hands burn!
* * * LOW HITPOINT WARNING * * *
The jelly is almost dead.
The jelly closely misses you.
Throw: 9 darts (poison)
Press: ? - help, Q - select action, (/) - cycle Shift-Dir - straight line, f - jelly
Aim: a jelly (almost dead, 89% to hit)
You throw a poisoned dart. The poisoned dart hits the jelly.
The jelly is almost dead.
The jelly completely misses you.
Throw: 5 javelins
Press: ? - help, Q - select action, (/) - cycle Shift-Dir - straight line, f/p - jelly
Aim: a jelly (almost dead, 89% to hit)
You throw a javelin.
The javelin pierces through the jelly but does no damage.
The jelly is almost dead.
The jelly hits you.
* * * LOW HITPOINT WARNING * * *
You are splashed with acid!
* * * LOW HITPOINT WARNING * * *
Throw: 4 javelins
Press: ? - help, Q - select action, (/) - cycle Shift-Dir - straight line, f/p - jelly
Aim: a jelly (almost dead, 89% to hit)
You throw a javelin.
The javelin pierces through the jelly but does no damage.
The jelly is almost dead.
The jelly hits you.
* * * LOW HITPOINT WARNING * * *
You are splashed with acid!
You die...
Your body crumbles into a pile of gold.

##### ### #....
#.#####.#. #.#.###
#.@J.....(# #.#.###
#.#####.#.........#
#.# # #. .#.#...#
#.# #.... ..+...+
#.#####.#.# #.#...#
#.#........ #.#...#
#>.....##.###......
#.............#####
#.##.......#......#


You could see a jelly.

Vanquished Creatures
  Sigmund (D:4)
  Eustachio (D:4)
  2 water moccasins (D:6)
  An ice beast (D:6)
  2 black bears
  An ogre (D:6)
  A phantom (D:4)
  5 wights (D:3)
  4 hounds
  A gnoll bouda (D:6)
  An orc priest (D:6)
  Jessica (D:3)
  An iguana (D:5)
  Natasha (thrice) (D:4)
  2 orc wizards
  Robin (D:2)
  12 gnolls
  5 adders
  2 white imps (D:6)
  A worm (D:2)
  2 dart slugs
  7 orcs
  9 endoplasms
  5 giant cockroaches
  20 goblins
  7 hobgoblins
  8 jackals (D:1)
  5 quokkas
  8 ball pythons
  4 bats
  5 frilled lizards
  5 kobolds
  9 rats
142 creatures vanquished.

Vanquished Creatures (others)
  6 demonic plants (D:3)
6 creatures vanquished.

Grand Total: 148 creatures vanquished

Notes
Turn   | Place    | Note
-------+----------+-------------------------------------------
     0 | D:1      | brightshaft the Gargoyle Monk began the quest for the Orb.
     0 | D:1      | Reached XP level 1. HP: 14/14 MP: 1/1
   193 | D:1      | Reached XP level 2. HP: 19/19 MP: 2/2
   409 | D:1      | Reached skill level 4 in Maces & Flails
   413 | D:1      | Reached XP level 3. HP: 18/23 MP: 3/3
   848 | D:2      | Noticed Robin
   859 | D:1      | Reached skill level 1 in Axes
   871 | D:1      | Reached XP level 4. HP: 22/28 MP: 4/4
   993 | D:2      | Killed Robin
  1512 | D:2      | Found a hide-covered altar of Uskayaw.
  1715 | D:3      | Reached XP level 5. HP: 24/32 MP: 5/5
  1809 | D:3      | Reached XP level 6. HP: 35/37 MP: 6/6
  1827 | D:3      | Reached skill level 5 in Axes
  2077 | D:3      | Noticed Jessica
  2098 | D:3      | Killed Jessica
  2167 | D:3      | Reached skill level 5 in Maces & Flails
  2284 | D:3      | Reached XP level 7. HP: 37/41 MP: 7/7
  2908 | D:4      | Noticed Sigmund
  2963 | D:4      | Killed Sigmund
  2964 | D:4      | Reached skill level 6 in Maces & Flails
  3027 | D:4      | Found a staircase to the Ecumenical Temple.
  3054 | Temple   | Entered the Ecumenical Temple
  3164 | Temple   | Became a worshipper of Gozag Ym Sagoz the Greedy
  3229 | D:4      | Noticed Eustachio
  3294 | D:4      | Killed Eustachio
  3542 | D:4      | Reached skill level 7 in Maces & Flails
  3542 | D:4      | Reached XP level 8. HP: 46/46 MP: 8/8
  3705 | D:4      | Noticed Natasha
  3717 | D:4      | Killed Natasha
  3736 | D:4      | Reached skill level 1 in Armour
  3854 | D:4      | Noticed Natasha
  3862 | D:4      | Killed Natasha
  3867 | D:4      | Noticed Natasha
  3871 | D:4      | Killed Natasha
  3911 | D:5      | Entered Level 5 of the Dungeon
  4432 | D:6      | Found a hide-covered altar of Uskayaw.
  4517 | D:6      | Reached skill level 8 in Maces & Flails
  4663 | D:6      | Found Vareqiy's Antique Armour Shoppe.
  4666 | D:6      | Bought a glowing cloak for 187 gold pieces
  4792 | D:6      | Reached XP level 9. HP: 37/52 MP: 9/9
  5098 | D:6      | Found a shadowy altar of Dithmenos.
  5166 | D:6      | Reached skill level 5 in Fighting
  5217 | D:6      | Splashed by a jelly's acid

Illustrated notes

Levels and vault maps discovered:
D:1:      dpeg_arrival_ratfight, layout_loops_ring, minmay_tree_intersection
D:2:      layout_loops_ring, basic_altar, uniq_robin
D:3:      layout_basic, dreamdust_princess_corridor, solitary_fountain,
          corexii_shack, serial_bayou_pond_d, uniq_jessica
D:4:      layout_basic, minmay_temple_entry_wispy, uniq_natasha, uniq_eustachio,
          uniq_sigmund
D:5:      layout_rooms, corexii_leaking_fountain
D:6:      layout_basic, nicolae_dithmenos_through_a_glass_darkly,
          mainiacjoe_overflow_six_doors_small, serial_shops, kennysheep_mini
Temple:   hellmonk_temple_of_storms

Skill      XL: |  1  2  3  4  5  6  7  8  9 |
---------------+----------------------------+-----
Maces & Flails | 4 5 7 8 |  8.6
Axes           | 1 3 4 5 |  5.0
Armour         | 3 |  3.4
Fighting       | 4 5 |  5.0
Dodging        | 3 |  3.7
Stealth        | |  2.1

Action                   |  1- 3 |  4- 6 |  7- 9 || total
-------------------------+-------+-------+-------++-------
Melee: Mace              |    66 |       |       ||    66
       Hand axe          |    35 |   136 |       ||   171
       Morningstar       |       |    72 |   277 ||   349
       Punch             |       |       |     6 ||     6
Throw: Dart              |       |       |     3 ||     3
       Javelin           |       |       |     2 ||     2
  Use: Scroll            |       |     9 |     2 ||    11
       Potion            |       |     1 |       ||     1
 Stab: Sleeping          |       |       |     5 ||     5
       Distracted        |       |       |     1 ||     1
Armor: Leather armour    |    26 |       |    67 ||    93
       Ring mail         |    43 |   112 |    72 ||   227
Dodge: Dodged            |   119 |   143 |   302 ||   564

Table legend: (Time is in decaauts)
 A = Elapsed time spent in this place.
 B = Non-inter-level travel time spent in this place.
 C = Inter-level travel time spent in this place.
 D = Time resting spent in this place.
 E = Time spent auto-exploring this place.
 F = Levels seen in this place.
 G = Mean time per level.
                   A        B        C        D        E       F      G
               +--------+--------+--------+--------+--------+-----+--------+
         Total |   5295 |   5115 |    180 |      0 |   3602 |   7 |  756.4 |
       Dungeon |   5163 |   5003 |    160 |      0 |   3571 |   6 |  860.5 |
        Temple |    132 |    112 |     20 |      0 |     31 |   1 |  132.0 |
               +--------+--------+--------+--------+--------+-----+--------+

Top non-repeatable levels by time:
     D:3: 1262 daAuts
     D:1: 995 daAuts
     D:4: 915 daAuts
     D:6: 904 daAuts
     D:2: 675 daAuts
     D:5: 409 daAuts
  Temple: 132 daAuts
